 Dungeon Crawl Stone Soup version 0.30-a0-799-g109b55a442 (webtiles) character file.

Game seed: 4771288639691922057

3339 jimonade the Thaumaturge (level 10, -2/60 HPs)
             Began as a Djinni Fire Elementalist on Feb 17, 2023.
             Slain by a human
             ... wielding a +0 war axe
              (3 damage)
             ... in a bailey on Feb 20, 2023.
             The game lasted 00:31:26 (6320 turns).

jimonade the Thaumaturge (Djinni Fire Elementalist) Turns: 6320, Time: 00:31:27

Health: -2/60      AC:  7    Str:  9    XL:     10   Next: 22%
Gold:   388        EV: 13    Int: 19    God:
                   SH:  0    Dex: 17

rFire   + + +      SeeInvis .    a - +7 dagger "Fobboba" {freeze, rElec MP+9 Dex+3}
rCold   x . .      Faith    .    (no shield)
rNeg    . . .      Spirit   .    P - +2 robe {Archmagi}
rPois   ∞          Reflect  .    r - +2 helmet
rElec   +          Harm     .    B - scarf {repulsion}
rCorr   .          Rampage  .    (no gloves)
Will    +....      Archmagi +    (boots unavailable)
Stlth   ++                       (no amulet)
HPRegen 0.30/turn                t - ring of fire
MPRegen 0.00/turn                K - ring of protection from cold

@: flying, repel missiles
A: sickness immunity, fire resistance 2, cold vulnerability 1, float, innate
caster, HP casting, extra vitality 1
a: no special abilities


You were in a bailey.
You visited 1 branch of the dungeon, and saw 7 of its levels.
You also visited: Bailey.

You collected 388 gold pieces.

Inventory:

Hand Weapons
 a - the +7 dagger "Fobboba" (weapon) {freeze, rElec MP+9 Dex+3}
   (You found it on level 3 of the Dungeon)

   Dex:       It affects your dexterity (+3).
   rElec:     It insulates you from electricity.
   MP:        It affects your magic capacity (+9).
 m - a +0 sling
 u - a +0 mace
 v - a +0 dagger
 C - a +1 vampiric dagger
 G - a +2 short sword of venom
 J - a +3 whip of freezing
Missiles
 p - 36 stones
 D - 14 poisoned darts
Armour
 g - the +1 robe of Valour {Str+4 Dex+2}
   (You found it on level 2 of the Dungeon)

   Str:       It affects your strength (+4).
   Dex:       It affects your dexterity (+2).
 r - a +2 helmet (worn)
 B - a scarf of repulsion (worn)
 P - a +2 robe of the Archmagi (worn)
 Q - a +3 leather armour of cold resistance
Magical Staves
 c - a staff of earth
 f - a staff of death
Jewellery
 t - a ring of fire (left hand)
 K - a ring of protection from cold (right hand)
 L - a +6 ring of strength
Wands
 j - a wand of flame (43)
 O - a wand of light (5)
Scrolls
 k - a scroll of blinking
 q - 2 scrolls of vulnerability
 s - 5 scrolls of identify
Potions
 d - a potion of mutation {unknown}
 e - 2 potions of ambrosia {unknown}
 i - a potion of attraction {unknown}
 o - 5 potions of curing
 x - 3 potions of cancellation {unknown}
 z - 3 potions of lignification {unknown}
 A - 4 potions of flight {unknown}
 E - a potion of heal wounds {unknown}
 I - a potion of degeneration {unknown}


   Skills:
 + Level 0.2 Fighting
 + Level 2.9 Dodging
 - Level 1.5 Stealth
 * Level 10.9 Spellcasting


You knew the following spells:

 Your Spells              Type           Power      Damage    Failure   Level
a - Foxfire               Conj/Fire      100%       2x1d9     1%          1
b - Scorch                Fire           100%       2d10      1%          2
c - Kindle Blastsparks    Fire/Tloc/Air  100%       2d18      1%          3
d - Inner Flame           Hex/Fire       86%        N/A       1%          3
e - Flame Wave            Conj/Fire      86%        2d18      1%          4
f - Kiss of Death         Conj/Necr      100%       2d13      1%          1
g - Searing Ray           Conj           100%       2d8       1%          2
h - Call Canine Familiar  Summ           67%        N/A       1%          3
i - Petrify               Tmut/Erth      67%        N/A       1%          4
Your spell library was empty.

Dungeon Overview and Level Annotations

Branches:
Dungeon (7/15)             Temple (0/1) D:7          Bailey (1/1)

Altars:
Elyvilon
Gozag

Shops:
D:4 *


Innate Abilities, Weirdness & Mutations

You are immune to sickness and miasma.
You are immune to poison.
Your flesh is very heat resistant. (rF++)
You are vulnerable to cold. (rC-)
You float through the air rather than walking.
You learn spells naturally, not from books.
Your magical power is your life essence.
You have superior vitality. (+4 MHP)


Message History

Your warg bites the human but does no damage.
The human hits your warg with a +0 war axe.
Casting: Scorch (safe; 1% risk of failure)
Confirm with . or Enter, or press ? or * to list all spells.
You feel a strong surge of power!
Flames lash the human.
The human is moderately wounded.
The human's fire resistance burns away.
Your warg barely misses the human.
The human hits your warg with a +0 war axe!
Your warg dies!
Your warg's corpse disappears in a puff of smoke!
Casting: Scorch (safe; 1% risk of failure)
Confirm with . or Enter, or press ? or * to list all spells.
You feel a strong surge of power!
Flames lash the human.
The human is burned terribly!
The human is almost dead.
Casting: Scorch (safe; 1% risk of failure)
Confirm with . or Enter, or press ? or * to list all spells.
You feel a strong surge of power!
Flames lash the human.
The human is moderately wounded.
The human's fire resistance burns away.
The human hits you with a +0 war axe!
Casting: Scorch (safe; 1% risk of failure)
Confirm with . or Enter, or press ? or * to list all spells.
You feel a strong surge of power!
Flames lash the human but do no damage.
The human hits you but does no damage.
Casting: Scorch (safe; 1% risk of failure)
Confirm with . or Enter, or press ? or * to list all spells.
You feel a strong surge of power!
Flames lash the human.
The human is moderately wounded.
The human's fire resistance burns away.
The human hits you with a +0 war axe!
* * * LOW HITPOINT WARNING * * *
The human hits you with a +0 war axe!
* * * LOW HITPOINT WARNING * * *
Casting: Scorch (safe; 1% risk of failure)
Confirm with . or Enter, or press ? or * to list all spells.
You feel a strong surge of power!
Flames lash the human.
The human is burned terribly!
The human is almost dead.
* * * LOW HITPOINT WARNING * * *
The human hits you with a +0 war axe.
You die...

.## p.# ..#
##..#
######...
#.......#####
#......##...##
#...)pp@∩..#
######p....#
+..∩..#
##...## #####


You could see 3 humans.

Vanquished Creatures
  Pikel (D:7)
  A human (Bailey)
  An acid dragon (D:6)
  2 ice beasts (D:5)
  An orc warrior (D:6)
  A sky beast (D:6)
  A centaur (D:7)
  An ogre (D:5)
  A lemure (D:7)
  A phantom (D:5)
  3 necrophages
  2 scorpions (D:5)
  Dowan (D:6)
  2 jellies
  3 gnoll boudas
  6 hounds
  4 orc priests
  Jessica (D:2)
  Ijyb (D:4)
  Terence (D:2)
  3 iguanas
  4 orc wizards
  11 gnolls
  7 adders
  3 white imps
  An ufetubus (D:5)
  4 worms
  3 dart slugs
  20 orcs
  7 endoplasms
  6 giant cockroaches
  11 goblins
  3 hobgoblins
  5 ball pythons
  5 bats
  2 frilled lizards (D:1)
  4 kobolds
  4 rats
138 creatures vanquished.

Vanquished Creatures (collateral kills)
  Sigmund (D:6)
  A steam dragon (D:7)
  Duvessa (D:6)
  An ice beast (D:7)
  A scorpion (D:7)
  A jelly (D:7)
  A hound (D:7)
  2 gnolls (D:7)
  A worm (D:5)
  An orc (D:7)
11 creatures vanquished.

Vanquished Creatures (others)
  290 foxfires
  A plant (D:1)
291 creatures vanquished.

Grand Total: 440 creatures vanquished

Notes
Turn   | Place    | Note
-------+----------+-------------------------------------------
     0 | D:1      | jimonade the Djinni Fire Elementalist began the quest for
                  | the Orb.
     0 | D:1      | jimonade set off with the following spells memorised:
                  | Foxfire, Scorch, Kindle Blastsparks, Inner Flame, Flame
                  | Wave.
     0 | D:1      | Reached XP level 1. HP: 15/15 MP: 0/0
    40 | D:1      | You are sucked into a shaft and drop 1 floor!
    78 | D:2      | Reached XP level 2. HP: 15/21 MP: 0/0
    93 | D:2      | Reached skill level 3 in Spellcasting
   107 | D:2      | Reached XP level 3. HP: 19/25 MP: 0/0
   107 | D:2      | Learned a level 1 spell: Kiss of Death
   162 | D:2      | Reached XP level 4. HP: 26/31 MP: 0/0
   174 | D:2      | Identified the +1 robe of Valour {Str+4 Dex+2}
   174 | D:2      | Noticed Terence
   182 | D:2      | Killed Terence
   404 | D:2      | Noticed Jessica
   413 | D:2      | Killed Jessica
   414 | D:2      | Reached skill level 4 in Spellcasting
   414 | D:2      | Reached XP level 5. HP: 31/35 MP: 0/0
   414 | D:2      | Learned a level 2 spell: Searing Ray
  1595 | D:3      | Identified the +7 dagger "Fobboba" {freeze, rElec MP+9
                  | Dex+3}
  1811 | D:3      | Found a white marble altar of Elyvilon.
  2042 | D:3      | Reached XP level 6. HP: 39/40 MP: 0/0
  2629 | D:4      | Reached skill level 5 in Spellcasting
  2817 | D:4      | Noticed Ijyb
  2825 | D:4      | Killed Ijyb
  2881 | D:4      | Reached XP level 7. HP: 32/45 MP: 0/0
  2881 | D:4      | Learned a level 3 spell: Call Canine Familiar
  3232 | D:4      | Found Deexaena's Fire Supplies.
  3435 | D:5      | Entered Level 5 of the Dungeon
  3463 | D:5      | Reached skill level 6 in Spellcasting
  3690 | D:5      | Reached XP level 8. HP: 46/50 MP: 0/0
  3806 | D:5      | Reached skill level 7 in Spellcasting
  4007 | D:5      | Upgraded the game from 0.30-a0-779-g7971cf19c3 to
                  | 0.30-a0-799-g109b55a442
  4114 | D:5      | Found an opulent altar of Gozag.
  4382 | D:6      | Reached skill level 8 in Spellcasting
  4654 | D:6      | Identified the +3 short sword "Zuymal" {vamp, Fly Dex+3}
  4672 | D:6      | Reached XP level 9. HP: 51/55 MP: 0/0
  4672 | D:6      | Learned a level 4 spell: Petrify
  4996 | D:6      | Noticed Sigmund
  5004 | D:6      | Killed Sigmund
  5005 | D:6      | Reached skill level 9 in Spellcasting
  5100 | D:6      | Noticed Dowan
  5113 | D:6      | Killed Dowan
  5209 | D:6      | Noticed Duvessa
  5216 | D:6      | Killed Duvessa
  5998 | D:7      | Reached skill level 10 in Spellcasting
  6073 | D:7      | Noticed a brown ugly thing
  6161 | D:7      | Found a staircase to the Ecumenical Temple.
  6217 | D:7      | Noticed Pikel
  6226 | D:7      | Killed Pikel
  6227 | D:7      | Reached XP level 10. HP: 55/60 MP: 0/0
  6293 | D:7      | Found a flagged portal.
  6303 | Bailey   | Entered a bailey
  6319 | Bailey   | HP: 3/60 [human/+0 war axe (9)]
  6320 | Bailey   | Slain by a human

Illustrated notes

Levels and vault maps discovered:
D:1:      minmay_arrival_semitransparent, layout_rooms, serial_forest,
          infiniplex_forest_clump_long, infiniplex_forest_lined_room_3,
          infiniplex_forest_diagonal, infiniplex_forest_diagonal,
          infiniplex_forest_clump_tiny, infiniplex_forest_clump_tiny,
          infiniplex_forest_zigzag_1, infiniplex_forest_lined_corner,
          infiniplex_forest_clump_small
D:2:      layout_basic, minmay_randomly_rotated_circles, uniq_jessica,
          uniq_terence
D:3:      layout_basic, overflow_temple_1_default
D:4:      layout_loops_ring, nicolae_shop_fire_sale [nicolae_sub_dead_trees],
          uniq_ijyb
D:5:      layout_basic, nicolae_gozag_seed_capital
D:6:      layout_basic, serial_rivers, chequers_serial_rivers_micro_b,
          chequers_serial_rivers_small_a, chequers_serial_rivers_micro_b,
          chequers_serial_rivers_micro_a, chequers_serial_rivers_room_b,
          uniq_duvessa, uniq_sigmund
D:7:      layout_gridville, mainiacjoe_overflow_six_doors_small,
          mainiacjoe_overflow_catwalk, minmay_temple_entry_statues_fountains,
          enter_bailey_2, uniq_pikel
Bailey:   bailey_axe_froggy_fort_hellmonk, bailey

Skill      XL: |  1  2  3  4  5  6  7  8  9 |
---------------+----------------------------+-----
Spellcasting   | 3 4 5 6 8 10 | 10.9
Fighting       | |  0.2
Dodging        | |  2.9
Stealth        | |  1.5

Action                     |  1- 3 |  4- 6 |  7- 9 | 10-12 || total
---------------------------+-------+-------+-------+-------++-------
   Cast: Foxfire           |    17 |    67 |    85 |     5 ||   174
         Scorch            |     1 |    49 |    75 |     8 ||   133
         Inner Flame       |       |       |    12 |       ||    12
         Call Canine Famil |       |       |    11 |     2 ||    13
         Petrify           |       |       |     1 |       ||     1
    Use: Scroll            |       |       |    13 |       ||    13
 Armour: Robe              |       |     6 |     5 |     1 ||    12
  Dodge: Dodged            |     2 |    12 |    10 |       ||    24

Table legend: (Time is in decaauts)
 A = Elapsed time spent in this place.
 B = Non-inter-level travel time spent in this place.
 C = Inter-level travel time spent in this place.
 D = Time resting spent in this place.
 E = Time spent auto-exploring this place.
 F = Levels seen in this place.
 G = Mean time per level.
                   A        B        C        D        E       F      G
               +--------+--------+--------+--------+--------+-----+--------+
         Total |   6319 |   5987 |    332 |    420 |   4020 |   8 |  789.9 |
       Dungeon |   6303 |   5971 |    332 |    420 |   4017 |   7 |  900.4 |
        Bailey |     16 |     16 |      0 |      0 |      3 |   1 |   16.0 |
               +--------+--------+--------+--------+--------+-----+--------+

Top non-repeatable levels by time:
     D:6: 1423 daAuts
     D:5: 988 daAuts
     D:4: 972 daAuts
     D:2: 963 daAuts
     D:3: 916 daAuts
     D:1: 580 daAuts
     D:7: 457 daAuts
  Bailey: 16 daAuts
